 Dungeon Crawl Stone Soup version 0.31-a0-233-g139696dc86 (webtiles) character file.

Game seed: 1550469846243946134

546 Shard1697 the Trooper (level 7, -2/53 HPs)
             Began as a Djinni Reaver on July 8, 2023.
             Slain by an ice beast (16 damage)
             ... on level 4 of the Dungeon.
             The game lasted 00:05:56 (3135 turns).

Shard1697 the Trooper (Djinni Reaver)               Turns: 3135, Time: 00:05:57

Health: -2/53      AC:  7    Str: 11    XL:     7   Next: 53%
Gold:   140        EV: 16    Int: 17    God:
                   SH:  4    Dex: 11

rFire   + + .        a - +1 long sword
rCold   x . .        c - +1 buckler
rNeg    . . .        h - +0 leather armour
rPois   ∞            g - +2 helmet
rElec   .            f - +0 cloak
rCorr   .            (no gloves)
SInv    .            (boots unavailable)
Will    +....        (no amulet)
Stlth   +            d - ring of willpower
HPRegen 0.28/turn    t - +5 ring of evasion
MPRegen 0.00/turn

%: infuse magic (-3 HP)
@: flying
A: sickness immunity, fire resistance 2, cold vulnerability 1, float, innate
caster, HP casting, extra vitality 1
a: no special abilities


You were on level 4 of the Dungeon.
You visited 1 branch of the dungeon, and saw 4 of its levels.
You also visited: Sewer.

You collected 140 gold pieces.

Inventory:

Hand Weapons
 a - a +1 long sword (weapon)
 b - a +4 dagger of venom
Armour
 c - a +1 buckler (worn)
 f - a +0 cloak (worn)
 g - a +2 helmet (worn)
 h - a +0 leather armour (worn)
 r - a +0 tower shield
Jewellery
 d - a ring of willpower (left hand)
 t - a +5 ring of evasion (right hand)
Wands
 k - a wand of mindburst (10)
 w - a wand of paralysis (7)
 y - a wand of flame (10)
Scrolls
 i - 2 scrolls of fog {unknown}
 l - a scroll of enchant weapon
 q - a scroll of vulnerability {unknown}
 s - a scroll of teleportation
 v - a scroll of noise {unknown}
 x - a scroll of blinking {unknown}
Potions
 e - 4 potions of curing
 j - 2 potions of mutation
 n - a potion of might {unknown}
 o - 3 potions of attraction
 p - a potion of ambrosia
 u - 2 potions of enlightenment


   Skills:
 + Level 4.9 Fighting
 + Level 4.9 Long Blades
 - Level 2.1 Dodging
 + Level 4.0 Spellcasting
 + Level 4.0 Conjurations
 + Level 4.0 Hexes
   Level 0.0 Charms
 + Level 4.0 Summonings
 + Level 4.0 Necromancy
 + Level 4.0 Translocations
 + Level 4.0 Transmutations
 + Level 4.0 Fire Magic
 + Level 4.0 Ice Magic
 + Level 4.0 Air Magic
 + Level 4.0 Earth Magic
 + Level 4.0 Poison Magic


You knew the following spells:

 Your Spells              Type           Power      Damage    Failure   Level
a - Kiss of Death         Conj/Necr      68%        2d10      6%          1
b - Momentum Strike       Conj/Tloc      34%        3d8       9%          2
c - Hailstorm             Conj/Ice       17%        3d6       19%         3
d - Beastly Appendage     Tmut           34%        N/A       6%          1
e - Lesser Beckoning      Tloc           34%        N/A       9%          2
t - Ensorcelled Hibernat  Hex/Ice        34%        N/A       9%          2
Your spell library was empty.

Dungeon Overview and Level Annotations

Branches:
Dungeon (4/15)              Sewer (visited)
 Temple: D:4-7

Altars:


Innate Abilities, Weirdness & Mutations

You are immune to sickness and miasma.
You are immune to poison.
Your flesh is very heat resistant. (rF++)
You are vulnerable to cold. (rC-)
You float through the air rather than walking.
You learn spells naturally, not from books.
Your magical power is your life essence.
You have superior vitality. (+4 MHP)


Message History

You barely miss the ice beast. The ice beast completely misses you.
You slash the ice beast!
The ice beast is moderately wounded.
The ice beast closely misses you.
You closely miss the ice beast.
The ice beast is moderately wounded.
The ice beast barely misses you.
You hit the ice beast but do no damage.
The ice beast is moderately wounded.
The ice beast completely misses you.
A sky beast appears from thin air!
Reactivating autopickup.
The ice beast completely misses you.
You hit the ice beast.
The ice beast is moderately wounded.
The ice beast barely misses you.
You hit the ice beast but do no damage.
The ice beast is moderately wounded.
The ice beast hits you. The ice beast freezes you!
You feel a terrible chill!
You hit the ice beast but do no damage.
The ice beast is moderately wounded.
The ice beast hits you. The ice beast freezes you!
You feel a terrible chill!
You completely miss the ice beast.
The ice beast is moderately wounded.
The ice beast completely misses you.
The sky beast flickers out of sight!
Deactivating autopickup; reactivate with Ctrl-A.
The ice beast misses you.
You hit the ice beast.
The ice beast is heavily wounded.
The ice beast closely misses you.
You hit the ice beast.
The ice beast is severely wounded.
The ice beast hits you but does no damage.
You completely miss the ice beast.
The ice beast is heavily wounded.
The ice beast hits you. The ice beast freezes you!
You feel a terrible chill!
* * * LOW HITPOINT WARNING * * *
You feel better. The ice beast hits you.
* * * LOW HITPOINT WARNING * * *
The ice beast freezes you!
You feel a terrible chill!
You die...

#>##.#..#.......†..###(#
#.#..#..###............#
#.#.##:.###........#####
#..................#
#.......###........#
###.............####
#####.####.#### #.####.#
# #..@Y{.## .#.
#####...# #... #...#
..... #...# ###.#...
#...# ##.......
######...####....#
.#.............>..#
....................$.
.#.................#..


You could see an ice beast.

Vanquished Creatures
  Sigmund (D:4)
  A scorpion (D:4)
  A jelly (D:4)
  Natasha (twice) (D:2)
  An iguana (D:4)
  6 adders
  6 river rats
  An ufetubus (D:4)
  3 worms
  A dart slug (D:3)
  7 orcs (D:3)
  8 bats
  3 endoplasms
  5 giant cockroaches
  10 goblins
  9 hobgoblins
  4 jackals (D:1)
  3 kobolds
  2 quokkas (D:1)
  10 ball pythons
  7 frilled lizards
  19 rats
110 creatures vanquished.

Notes
Turn   | Place    | Note
-------+----------+-------------------------------------------
     0 | D:1      | Shard1697 the Djinni Reaver began the quest for the Orb.
     0 | D:1      | Shard1697 set off with the following spells memorised: Kiss
                  | of Death, Momentum Strike, Hailstorm.
     0 | D:1      | Reached XP level 1. HP: 18/18 MP: 0/0
   174 | D:1      | Reached XP level 2. HP: 18/20 MP: 0/0
   443 | D:1      | Reached XP level 3. HP: 24/24 MP: 0/0
   443 | D:1      | Learned a level 1 spell: Beastly Appendage
   797 | D:2      | Noticed Natasha
   805 | D:2      | Killed Natasha
   806 | D:2      | Reached XP level 4. HP: 8/27 MP: 0/0
  1042 | D:2      | Noticed Natasha
  1047 | D:2      | Killed Natasha
  1113 | D:2      | Reached XP level 5. HP: 36/39 MP: 0/0
  1113 | D:2      | Learned a level 2 spell: Lesser Beckoning
  1337 | D:3      | Found a glowing drain.
  1363 | Sewer    | Entered a sewer
  1529 | Sewer    | Reached XP level 6. HP: 47/47 MP: 0/0
  2645 | D:4      | Noticed Sigmund
  2668 | D:4      | Killed Sigmund
  2669 | D:4      | Reached XP level 7. HP: 32/50 MP: 0/0
  2669 | D:4      | Learned a level 2 spell: Ensorcelled Hibernation
  3135 | D:4      | Slain by an ice beast

Illustrated notes

Levels and vault maps discovered:
D:1:      heliophobic_arrival_henge, layout_rooms
D:2:      layout_rooms, uniq_natasha
D:3:      layout_basic, portal_sewer_entry_c, minmay_joined_circles
D:4:      layout_loops_cross, minmay_statues_item, uniq_sigmund

Skill      XL: |  1  2  3  4  5  6  7 |
---------------+----------------------+-----
Long Blades    | 3 4 |  4.9
Spellcasting   | 3 4 |  4.0
Conjurations   | 3 4 |  4.0
Hexes          | 3 4 |  4.0
Summonings     | 3 4 |  4.0
Necromancy     | 3 4 |  4.0
Translocations | 3 4 |  4.0
Transmutations | 3 4 |  4.0
Fire Magic     | 3 4 |  4.0
Ice Magic      | 3 4 |  4.0
Air Magic      | 3 4 |  4.0
Earth Magic    | 3 4 |  4.0
Poison Magic   | 3 4 |  4.0
Fighting       | 3 4 |  4.9
Dodging        | |  2.1

Action                     |  1- 3 |  4- 6 |  7- 9 || total
---------------------------+-------+-------+-------++-------
  Melee: Falchion          |    35 |       |       ||    35
         Long sword        |    56 |   191 |    55 ||   302
   Cast: Kiss of Death     |     4 |     2 |       ||     6
         Momentum Strike   |       |     8 |       ||     8
         Lesser Beckoning  |       |     2 |       ||     2
         Ensorcelled Hiber |       |       |     1 ||     1
    Use: Scroll            |       |     5 |     4 ||     9
         Potion            |       |       |     2 ||     2
   Stab: Sleeping          |       |     1 |       ||     1
 Armour: Leather armour    |    41 |    47 |    11 ||    99
  Dodge: Dodged            |    75 |   124 |    57 ||   256
  Block: Buckler           |     9 |    35 |    12 ||    56

Table legend: (Time is in decaauts)
 A = Elapsed time spent in this place.
 B = Non-inter-level travel time spent in this place.
 C = Inter-level travel time spent in this place.
 D = Time resting spent in this place.
 E = Time spent auto-exploring this place.
 F = Levels seen in this place.
 G = Mean time per level.
                   A        B        C        D        E       F      G
               +--------+--------+--------+--------+--------+-----+--------+
         Total |   3218 |   3124 |     94 |    285 |   1880 |   5 |  643.6 |
       Dungeon |   2792 |   2698 |     94 |    277 |   1627 |   4 |  698.0 |
         Sewer |    425 |    425 |      0 |      8 |    253 |   1 |  425.0 |
               +--------+--------+--------+--------+--------+-----+--------+

Top non-repeatable levels by time:
     D:3: 1018 daAuts
     D:1: 661 daAuts
     D:2: 607 daAuts
     D:4: 504 daAuts
   Sewer: 425 daAuts
